Map: Dusk Towers

Players

LiquidTLO (TLO)

  • Race: Zerg Zerg
  • League: Grandmaster

PtitDrogo - Winner!

  • Race: Protoss Protoss
  • League: Master

Event: DreamHack ZOWIE Open Leipzig

VOD

https://www.youtube.com/watch?v=TRuKRGwjuP8

Description

Time

  • Played on: Jan. 23, 2016, 9:15 a.m.
  • Length: 13:39

All games in this series

Show
View Real Time Build Order
Export as new Build Order

LiquidTLO Zerg 

Build Orders: Hatch First, Lurkers 

Get SALT Encoding   

  12  0:01  Drone  
  13  0:12  Overlord  
  13  0:17  Drone  
  14  0:31  Drone  
  14  0:35  Drone x2  
  17  0:53  Hatchery  
  17  0:55  Drone  
  17  0:58  Drone  
  18  1:11  Spawning Pool  
  17  1:13  Drone  
  18  1:34  Hatchery  
  18  1:38  Drone  
  18  1:39  Drone  
  19  1:42  Drone  
  20  1:51  Drone  
  21  2:01  Extractor, Queen  
  21  2:06  Queen  
  25  2:12  Drone  
  26  2:15  Drone  
  26  2:16  Drone  
  28  2:25  Overlord  
  28  2:30  Extractor  
  28  2:31  Drone  
  28  2:32  Extractor  
  28  2:33  Drone  
  30  2:43  Queen x2  
  34  2:47  Queen  
  34  2:50  Drone  
  37  2:52  Overlord  
  37  2:58  Drone  
  38  2:59  Zergling x4  
  38  3:00  Zergling x2  
  38  3:03  Zergling x2  
  42  3:09  Overlord, Extractor  
  42  3:10  Extractor  
  42  3:11  Drone  
  42  3:12  Zergling x2  
  42  3:14  Drone  
  42  3:16  Drone  
  44  3:22  Drone  
  44  3:23  Drone x2  
  44  3:24  Drone  
  44  3:26  Drone  
  49  3:29  Drone  
  49  3:33  Drone  
  50  3:40  Drone x2  
  50  3:42  Drone  
  50  3:43  Drone x2  
  50  3:47  Drone  
  54  3:50  Drone  
  54  3:52  Overlord, Drone  
  54  3:54  Drone  
  57  3:56  Overlord  
  57  4:00  Overlord  
  57  4:04  Overlord  
  57  4:11  Drone x2, Overlord  
  57  4:13  Drone x2  
  57  4:15  Drone  
  57  4:16  Drone  
  63  4:19  Drone  
  63  4:21  Drone  
  65  4:24  Lair, Spore Crawler  
  65  4:29  Drone x2  
  65  4:30  Evolution Chamber  
  65  4:32  Drone x2  
  65  4:36  Drone x2, Extractor  
  65  4:37  Extractor  
  65  4:38  Extractor  
  66  4:39  Drone, Extractor  
  66  4:41  Metabolic Boost  
  66  4:44  Drone x2  
  68  4:46  Drone  
  68  4:48  Drone x2  
  71  4:54  Overlord  
  71  4:57  Zerg Missile Weapons Level 1, Overlord  
  71  4:59  Zergling x4  
  73  5:00  Zergling x2  
  73  5:01  Drone  
  73  5:03  Overlord  
  73  5:06  Burrow  
  75  5:07  Drone  
  75  5:10  Drone  
  75  5:11  Drone  
  75  5:13  Spore Crawler  
  77  5:14  Drone  
  77  5:17  Drone  
  77  5:19  Drone  
  80  5:24  Infestation Pit  
  80  5:25  Zergling x6  
  80  5:27  Hydralisk Den, Zergling x2  
  82  5:31  Zergling x6  
  82  5:32  Drone  
  82  5:34  Zergling x2  
  82  5:35  Drone, Zergling x2  
  89  5:37  Drone  
  89  5:39  Drone  
  91  5:43  Drone x2  
  91  5:45  Drone  
  91  5:47  Zergling x2  
  91  5:49  Queen  
  94  5:51  Zergling x4  
  94  5:55  Zergling x2  
  94  5:58  Drone  
  94  5:59  Zergling x4  
  94  6:00  Zergling x4  
  94  6:01  Drone x2  
  94  6:02  Zergling x4  
  94  6:04  Drone  
  101  6:05  Zergling x2  
  101  6:07  Zergling x2  
  98  6:15  Lurker Den  
  98  6:16  Pathogen Glands  
  95  6:22  Drone x2  
  95  6:24  Drone  
  95  6:25  Drone  
  95  6:31  Overlord  
  95  6:32  Overlord  
  94  6:36  Overlord  
  94  6:37  Hatchery  
  94  6:38  Overlord  
  93  6:42  Evolution Chamber  
  93  6:43  Overlord  
  93  6:45  Pneumatized Carapace  
  92  6:49  Infestor x3  
  92  6:53  Zerg Missile Weapons Level 2  
  98  6:56  Infestor  
  98  6:59  Infestor  
  102  7:03  Drone  
  102  7:05  Drone  
  102  7:07  Infestor x3  
  102  7:08  Overlord  
  104  7:10  Drone  
  104  7:12  Spore Crawler, Zerg Ground Armor Level 1  
  104  7:13  Drone  
  102  7:15  Overlord  
  102  7:16  Overlord, Drone  
  102  7:18  Hydralisk  
  102  7:21  Drone  
  102  7:22  Drone  
  107  7:25  Overseer  
  107  7:43  Drone  
  102  7:44  Drone  
  102  7:52  Zergling x4  
  102  7:53  Drone, Hydralisk x2, Zergling x2  
  102  7:54  Hydralisk x6  
  102  7:56  Overlord  
  122  7:59  Drone  
  122  8:00  Overlord  
  122  8:01  Zergling x2, Extractor  
  122  8:02  Extractor, Zergling x2  
  122  8:05  Drone x3  
  125  8:06  Drone x2  
  125  8:10  Spine Crawler  
  125  8:11  Overlord  
  126  8:12  Overlord  
  126  8:16  Lurker  
  126  8:18  Drone  
  127  8:22  Drone x2  
  129  8:29  Lurker x2  
  129  8:30  Lurker x3  
  129  8:33  Drone x2, Zergling x4  
  138  8:34  Zergling x2  
  138  8:35  Zergling x2  
  138  8:39  Zergling x4  
  138  8:40  Evolution Chamber  
  141  8:43  Evolution Chamber  
  141  8:44  Zergling x2  
  141  8:45  Overlord  
  141  8:46  Hydralisk, Zergling x2  
  144  8:48  Lurker  
  144  8:49  Lurker x2  
  144  8:50  Drone x2  
  144  8:51  Drone  
  144  8:52  Drone  
  144  8:54  Zergling x2  
  152  8:58  Drone  
  152  8:59  Overlord  
  153  9:07  Infestor x2, Hydralisk  
  153  9:09  Drone  
  156  9:10  Drone x2  
  156  9:11  Drone x2  
  156  9:13  Hive, Zerg Melee Weapons Level 1  
  158  9:17  Zerg Ground Armor Level 2  
  158  9:19  Neural Parasite  
  155  9:24  Hydralisk x2  
  155  9:26  Hydralisk x3  
  155  9:28  Hydralisk  
  155  9:30  Hydralisk  
  167  9:33  Spine Crawler  
  167  9:35  Hydralisk  
  167  9:36  Hydralisk  
  167  9:45  Zergling x2  
  168  9:47  Overlord  
  168  9:48  Overlord  
  168  9:50  Overlord  
  161  10:03  Lurker x2  
  161  10:05  Zergling x4  
  159  10:11  Infestor  
  159  10:13  Overlord  
  159  10:14  Drone  
  162  10:18  Zergling x4  
  162  10:19  Zergling x2  
  162  10:20  Lurker x4  
  169  10:26  Spine Crawler, Zergling x2  
  169  10:27  Zergling x6  
  169  10:28  Evolution Chamber, Zergling x2  
  168  10:33  Zergling x2  
  168  10:34  Zergling x4  
  168  10:39  Queen x3  
  166  10:49  Ultralisk Cavern  
  164  10:50  Zergling x4  
  164  10:51  Zergling x2  
  164  10:54  Zergling x8  
  171  10:59  Zergling x2  
  171  11:00  Zergling x20  
  171  11:02  Infestor, Queen  
  184  11:04  Overseer x3  
  182  11:15  Queen  
  180  11:18  Zergling x2  
  180  11:20  Zergling x4  
  180  11:21  Zergling x2  
  180  11:22  Zergling x4  
  170  11:35  Zergling x2  
  170  11:36  Zergling x2  
  170  11:37  Zergling x2  
  157  11:40  Zergling x2  
  157  11:42  Zergling x2  
  157  11:46  Zergling x6  
  157  11:48  Zergling x2  
  157  11:49  Hydralisk x3  
  157  11:51  Hydralisk x2  
  153  11:55  Hydralisk x2  
  153  11:56  Hydralisk x2  
  153  11:57  Hydralisk x2  
  153  12:00  Hydralisk x3  
  153  12:05  Chitinous Plating, Drone  
  153  12:07  Ultralisk x2  
  144  12:11  Ultralisk  
  144  12:12  Zergling x2  
  144  12:13  Zergling x2  
  147  12:16  Ultralisk  
  150  12:28  Overlord  
  150  12:29  Overlord  
  150  12:33  Overseer  
  150  12:34  Overlord  
  150  12:35  Overlord  
  148  12:38  Overlord  
  148  12:39  Lurker  
  142  12:57  Ultralisk  
  144  12:59  Hatchery  
  144  13:01  Zergling x4  
  144  13:03  Lurker  
  145  13:07  Zergling x4  
  145  13:08  Zergling x2  
  145  13:09  Zergling x2  
  149  13:12  Zergling x2  
  149  13:13  Zergling x2  
Show
View Real Time Build Order
Export as new Build Order

PtitDrogo Protoss - Winner!

Build Orders: Nexus First 

Get SALT Encoding   

  12  0:01  Probe (Chrono Boost)  
  13  0:11  Probe (Chrono Boost)  
  14  0:18  Pylon  
  14  0:22  Probe (Chrono Boost)  
  15  0:37  Probe (Chrono Boost)  
  16  0:47  Probe (Chrono Boost)  
  17  0:57  Nexus  
  17  1:07  Gateway  
  17  1:10  Probe (Chrono Boost)  
  18  1:16  Assimilator  
  18  1:20  Probe (Chrono Boost)  
  18  1:23  Assimilator  
  19  1:31  Probe (Chrono Boost)  
  20  1:35  Gateway  
  20  1:41  Probe (Chrono Boost)  
  21  1:52  Probe (Chrono Boost)  
  22  1:55  Cybernetics Core  
  22  2:02  Probe (Chrono Boost)  
  23  2:09  Probe (Chrono Boost)  
  23  2:13  Probe (Chrono Boost)  
  25  2:20  Probe (Chrono Boost)  
  26  2:23  Probe (Chrono Boost)  
  27  2:30  Probe (Chrono Boost)  
  27  2:32  Adept x2 (Chrono Boost)  
  27  2:34  Probe, Warp Gate  
  33  2:42  Probe  
  34  2:46  Mothership Core (Chrono Boost)  
  36  2:54  Probe (Chrono Boost)  
  36  2:57  Pylon  
  37  3:05  Probe (Chrono Boost)  
  38  3:06  Pylon  
  38  3:15  Probe (Chrono Boost)  
  38  3:16  Sentry x2, Probe (Chrono Boost)  
  44  3:25  Probe (Chrono Boost)  
  44  3:26  Probe (Chrono Boost)  
  46  3:36  Probe (Chrono Boost)  
  46  3:41  Probe (Chrono Boost), Nexus  
  46  3:43  Pylon x2  
  44  3:51  Assimilator  
  44  3:52  Probe x2 (Chrono Boost), Assimilator  
  44  3:55  Adept  
  48  4:00  Adept  
  48  4:02  Probe x2 (Chrono Boost)  
  52  4:13  Probe x2 (Chrono Boost)  
  54  4:17  Gateway x2  
  54  4:23  Probe x2 (Chrono Boost), Phoenix  
  56  4:30  Stargate  
  56  4:33  Stargate  
  56  4:34  Probe x2 (Chrono Boost)  
  58  4:39  Adept x2  
  58  4:44  Probe x2 (Chrono Boost)  
  64  4:54  Probe (Chrono Boost)  
  64  4:55  Probe x2 (Chrono Boost)  
  67  5:04  Probe (Chrono Boost)  
  67  5:05  Probe x2 (Chrono Boost)  
  70  5:12  Adept x4  
  70  5:13  Pylon  
  70  5:14  Probe (Chrono Boost)  
  78  5:16  Probe x2 (Chrono Boost)  
  78  5:18  Phoenix (Chrono Boost)  
  78  5:19  Phoenix (Chrono Boost)  
  85  5:28  Pylon  
  85  5:30  Probe, Assimilator x2  
  85  5:31  Probe x2  
  88  5:40  Probe, Phoenix (Chrono Boost)  
  88  5:41  Phoenix (Chrono Boost)  
  93  5:46  Probe x2  
  95  5:59  Probe  
  95  6:01  Robotics Facility  
  95  6:02  Phoenix (Chrono Boost)  
  95  6:03  Phoenix (Chrono Boost)  
  98  6:05  Forge  
  98  6:06  Twilight Council  
  98  6:08  Pylon  
  98  6:10  Zealot, Pylon  
  98  6:11  Zealot  
  94  6:23  Phoenix (Chrono Boost)  
  94  6:24  Phoenix (Chrono Boost)  
  94  6:27  Zealot x2  
  94  6:30  Protoss Ground Weapons Level 1 (Chrono Boost)  
  96  6:36  Gateway x2  
  96  6:40  Gateway  
  96  6:42  Gateway, Charge (Chrono Boost)  
  96  6:45  Warp Prism (Chrono Boost)  
  96  6:48  Templar Archives  
  96  6:53  Robotics Facility  
  98  7:11  Zealot x3  
  98  7:12  Zealot  
  106  7:15  Pylon  
  106  7:18  Pylon  
  106  7:22  Observer  
  106  7:29  Gateway  
  107  7:31  Gateway  
  107  7:33  Zealot  
  107  7:34  Pylon, Zealot x3  
  115  7:38  Pylon  
  115  7:41  Pylon  
  115  7:46  Immortal (Chrono Boost)  
  115  7:49  Immortal (Chrono Boost)  
  123  7:56  High Templar x3  
  123  7:57  High Templar x3  
  131  7:59  Zealot  
  131  8:02  Pylon  
  131  8:03  Pylon, Archon x3  
  133  8:18  Photon Cannon  
  133  8:23  Nexus, Protoss Ground Weapons Level 2  
  133  8:26  Photon Cannon  
  141  8:27  Immortal (Chrono Boost)  
  141  8:28  Pylon, High Templar x2  
  141  8:29  Pylon  
  141  8:32  Archon  
  133  8:34  Warp Prism (Chrono Boost)  
  133  8:42  Probe  
  133  8:44  Zealot x6  
  133  8:48  Probe  
  147  9:04  Fleet Beacon, Zealot x5  
  147  9:05  Sentry  
  147  9:06  Zealot  
  161  9:31  Probe, Assimilator  
  162  9:32  Psionic Storm, High Templar x3  
  162  9:35  Assimilator  
  154  9:55  Tempest x2  
  162  10:06  Warp Prism (Chrono Boost)  
  166  10:07  Immortal (Chrono Boost)  
  166  10:12  Photon Cannon  
  166  10:27  Protoss Ground Weapons Level 3  
  160  10:31  Zealot x3  
  160  10:43  Phoenix  
  160  10:46  Tempest x2  
  160  10:49  High Templar x3  
  174  10:52  High Templar  
  174  10:59  Photon Cannon  
  174  11:13  Pylon  
  167  11:19  Zealot x6  
  172  11:32  Zealot x2  
  172  11:33  Zealot  
  139  11:41  Immortal (Chrono Boost), Tempest  
  139  11:42  Immortal (Chrono Boost), Tempest  
  139  11:44  Zealot x10  
  153  11:59  Probe x2  
  127  12:09  Probe  
  127  12:10  Probe  
  127  12:24  Phoenix, High Templar  
  127  12:25  Phoenix, High Templar x3  
  127  12:26  Photon Cannon  
  139  12:30  Assimilator  
  139  12:47  Immortal (Chrono Boost)  
  139  12:48  Immortal (Chrono Boost)  
  139  12:49  Tempest x2  
  155  12:51  Photon Cannon  
  155  13:00  Zealot x2, High Templar x2  
  155  13:01  Zealot x4  
  167  13:05  Archon  
  167  13:10  Pylon  
  167  13:12  Pylon  
  167  13:26  Zealot x5  
  177  13:30  Archon  
  165  13:36  Pylon  

Tags
 
Add a new tag
Caveats
  • Supply blocks, unpowered buildings, or Contaminate may cause inaccurate times.
  • Supply counts are checked every 10 seconds.